Map: Orbital Shipyard

Players

Azure

  • Race: Terran Terran
  • League: Grandmaster

PiG - Winner!

  • Race: Zerg Zerg

Event: 2016 WCS Winter Challenger Oceania SEA

VOD

Have the link to the VOD?

Description

Time

  • Played on: Feb. 12, 2016, 7:34 p.m.
  • Length: 14:50

All games in this series

Show
View Real Time Build Order
Export as new Build Order

Azure Terran 

Build Orders: MMM Bio 

Get SALT Encoding   

  12  0:00  SCV  
  13  0:13  SCV  
  14  0:17  Supply Depot  
  14  0:25  SCV  
  15  0:39  SCV  
  15  0:40  Barracks  
  16  0:44  Refinery  
  16  0:51  SCV  
  17  1:03  SCV  
  18  1:15  SCV  
  19  1:27  Orbital Command  
  19  1:28  Barracks Reactor  
  19  1:39  Command Center  
  19  1:52  Supply Depot  
  19  1:53  SCV  
  20  2:02  Refinery  
  20  2:05  SCV  
  20  2:08  Reaper x2  
  23  2:17  Barracks  
  23  2:18  SCV  
  24  2:26  Barracks  
  24  2:30  SCV  
  25  2:40  Reaper x2  
  25  2:42  SCV  
  28  2:51  Orbital Command  
  28  2:54  SCV  
  29  3:06  SCV  
  29  3:09  Barracks Tech Lab  
  29  3:12  Reaper x2  
  32  3:14  Marine  
  32  3:17  SCV  
  32  3:18  SCV  
  32  3:19  Supply Depot  
  35  3:28  Marine  
  35  3:29  SCV, Stimpack  
  35  3:30  SCV  
  35  3:32  Marine  
  39  3:41  SCV  
  39  3:42  SCV  
  39  3:46  Supply Depot  
  39  3:47  Marine x3  
  44  3:54  SCV  
  45  3:56  Barracks Reactor  
  45  4:02  Command Center  
  45  4:03  SCV  
  45  4:07  SCV, Marine x2  
  45  4:09  Marine  
  49  4:15  SCV  
  50  4:19  SCV  
  51  4:25  Marine x2  
  51  4:27  SCV  
  51  4:29  Engineering Bay  
  51  4:30  Engineering Bay, Marine  
  51  4:31  SCV  
  56  4:33  Marine  
  56  4:34  Marine  
  58  4:39  SCV  
  58  4:42  Factory  
  58  4:43  SCV  
  60  4:46  Refinery  
  60  4:48  Refinery, Marine  
  60  4:50  Marine  
  62  5:02  Supply Depot  
  62  5:13  Terran Infantry Weapons Level 1, SCV x2, Terran Infantry Armor Level 1, Marine x5  
  70  5:23  Orbital Command  
  70  5:25  SCV x2  
  71  5:29  Starport  
  71  5:30  Factory Reactor  
  71  5:31  Marine x2  
  73  5:36  Marine x3  
  73  5:37  Combat Shields  
  73  5:38  SCV x2  
  78  5:44  Supply Depot, Orbital Command  
  78  5:50  SCV  
  78  5:54  Barracks x2, SCV  
  78  5:55  Marine x2  
  82  5:57  Marine  
  82  5:59  Marine  
  82  6:02  SCV  
  80  6:11  Marine  
  80  6:12  Missile Turret, Marine  
  82  6:22  SCV x2  
  85  6:26  Medivac x2  
  85  6:27  Marine  
  85  6:28  Marine x2  
  85  6:29  Marine  
  85  6:30  Factory Reactor, Marine  
  93  6:35  Armory  
  93  6:39  Missile Turret  
  93  6:42  Barracks Reactor x2  
  93  6:46  Supply Depot  
  93  6:48  Supply Depot  
  93  6:54  Missile Turret  
  93  7:00  Supply Depot  
  93  7:01  Supply Depot  
  93  7:07  Marine x4  
  93  7:08  SCV x2, Medivac  
  101  7:09  Medivac, Marine  
  101  7:10  SCV  
  101  7:14  Widow Mine x2  
  108  7:18  Supply Depot  
  108  7:19  Supply Depot, Marine  
  108  7:21  Terran Infantry Weapons Level 2, Marine x2  
  108  7:22  SCV x2  
  113  7:24  Terran Infantry Armor Level 2  
  113  7:25  Marine  
  113  7:27  Terran Ship Weapons Level 1  
  114  7:34  Marine x2  
  114  7:35  SCV  
  117  7:37  Medivac  
  117  7:39  Medivac  
  121  7:46  Starport, Marine x4  
  121  7:47  Missile Turret, SCV  
  125  7:57  Marine x5  
  130  8:00  Widow Mine  
  130  8:03  SCV x2  
  135  8:07  Medivac  
  135  8:09  Refinery, Marine x4  
  140  8:15  Supply Depot  
  140  8:22  Marine  
  140  8:24  Starport Reactor  
  141  8:27  Liberator x2  
  141  8:28  Barracks  
  141  8:29  Marine x2  
  141  8:30  Barracks, Marine x2  
  141  8:31  Barracks  
  141  8:32  Widow Mine x2  
  131  8:35  SCV  
  132  8:42  Marine x5  
  132  8:45  SCV  
  142  8:52  Marine x4  
  142  8:53  SCV  
  147  8:57  Liberator  
  147  8:58  Liberator  
  147  8:59  Marine  
  143  9:12  Marine x5  
  149  9:20  Refinery, Barracks Reactor x2, Barracks Tech Lab  
  149  9:21  Missile Turret  
  149  9:25  Command Center  
  149  9:27  Supply Depot, Terran Ship Weapons Level 2  
  149  9:28  Supply Depot  
  149  9:31  Liberator  
  149  9:32  Liberator  
  149  9:37  Supply Depot x2  
  149  9:39  Missile Turret  
  149  9:40  Supply Depot  
  149  9:48  Liberator, Marine x5  
  149  9:49  Marine  
  149  9:50  Marine  
  149  9:51  Marauder  
  164  9:54  Marine  
  164  9:58  Widow Mine x2  
  164  9:59  Marauder  
  171  10:03  Liberator  
  171  10:06  Marine x2  
  175  10:08  Marine  
  175  10:09  Marine x2  
  175  10:12  Marauder  
  180  10:14  Liberator  
  137  10:38  Marine x2  
  137  10:39  Marine x5  
  137  10:40  Marine x3  
  145  10:43  Widow Mine x2  
  145  10:46  Marine x2  
  145  10:47  Marauder  
  151  10:50  Marauder, Liberator  
  151  10:56  Marine  
  152  11:06  Marine  
  152  11:08  Marauder  
  159  11:11  Marauder  
  159  11:16  Marine x2  
  142  11:22  Marine  
  138  11:29  Marauder, Marine x2  
  138  11:30  Marine  
  138  11:32  Widow Mine  
  125  11:33  Marauder  
  125  11:36  Marine  
  117  11:44  Bunker  
  117  11:45  Supply Depot  
  117  11:46  Supply Depot  
  117  11:49  Marine x3  
  117  11:50  Marine x3  
  120  11:57  Marine x2  
  120  11:58  Marine x2  
  120  12:00  Marine x2  
  128  12:03  Widow Mine  
  128  12:04  Widow Mine  
  130  12:09  Marauder, Marine x2  
  134  12:21  Marauder, Marine x2  
  138  12:26  Planetary Fortress  
  138  12:30  Marine  
  138  12:31  Marauder, Marine  
  138  12:36  Marine  
  143  12:43  Marauder  
  145  12:46  Marine x2  
  145  12:47  Marine x2  
  149  12:52  Marauder, Marine  
  149  12:53  Liberator  
  149  12:56  Marine  
  151  13:01  Marine  
  151  13:04  Marauder  
  139  13:13  Marauder  
  132  13:25  Marine  
  132  13:26  Marine x2  
  137  13:27  Marine  
  137  13:30  Marine x3  
  141  13:37  Marine  
  140  13:53  Marauder, Marine x2  
  138  13:57  Medivac x2  
  142  14:07  Marine x2  
  142  14:08  Marine x3  
  149  14:20  Marine x3  
Show
View Real Time Build Order
Export as new Build Order

PiG Zerg - Winner!

Build Orders: Hatch First, Muta Ling Bane 

Get SALT Encoding   

  12  0:01  Drone  
  13  0:12  Overlord  
  13  0:17  Drone  
  14  0:31  Drone x2  
  14  0:35  Drone  
  17  0:52  Hatchery  
  17  0:54  Drone  
  17  0:57  Drone  
  18  1:09  Extractor  
  17  1:12  Spawning Pool  
  17  1:15  Drone  
  17  1:18  Drone  
  18  1:27  Drone  
  19  1:38  Overlord  
  19  1:50  Drone  
  20  1:59  Queen  
  20  2:00  Zergling x2  
  23  2:03  Queen  
  23  2:04  Zergling x2  
  26  2:09  Metabolic Boost  
  26  2:12  Zergling x2  
  27  2:16  Drone  
  28  2:23  Drone  
  28  2:29  Drone  
  30  2:32  Drone  
  30  2:34  Queen  
  30  2:35  Overlord  
  33  2:42  Queen  
  35  2:44  Drone  
  37  2:58  Drone x2  
  37  3:05  Spine Crawler  
  37  3:08  Drone x4  
  41  3:13  Overlord  
  41  3:17  Overlord  
  41  3:18  Drone  
  42  3:28  Hatchery  
  42  3:31  Queen  
  43  3:41  Drone x4  
  47  3:44  Drone x3  
  47  3:48  Drone  
  51  3:57  Drone  
  51  3:59  Zergling x6  
  51  4:00  Extractor, Queen  
  56  4:15  Zergling x4, Evolution Chamber  
  56  4:25  Overlord  
  56  4:26  Drone x3  
  59  4:41  Drone  
  59  4:42  Drone x5  
  59  4:45  Zergling x4  
  65  4:50  Zerg Ground Armor Level 1  
  65  4:55  Drone x2  
  65  4:56  Drone  
  68  5:00  Overlord  
  68  5:04  Drone x2, Lair  
  70  5:07  Extractor  
  70  5:11  Drone x4  
  73  5:18  Drone  
  74  5:22  Drone x2  
  74  5:23  Hatchery  
  74  5:26  Hatchery  
  74  5:27  Drone  
  74  5:28  Drone  
  76  5:36  Drone  
  76  5:37  Baneling Nest, Drone  
  76  5:38  Overlord, Drone x3, Extractor  
  76  5:42  Zergling x6  
  82  5:49  Overlord x4  
  82  5:55  Overlord x2  
  82  6:08  Drone x2  
  82  6:09  Zergling x16  
  89  6:18  Drone x2  
  89  6:20  Spire  
  89  6:21  Extractor  
  89  6:22  Drone  
  89  6:23  Drone  
  89  6:25  Drone x2  
  93  6:29  Centrifical Hooks  
  93  6:30  Extractor  
  92  6:33  Drone x3  
  92  6:35  Evolution Chamber  
  94  6:51  Overlord x2  
  94  6:52  Zerg Melee Weapons Level 1  
  94  6:53  Zergling x10  
  99  6:54  Baneling x4  
  99  6:55  Overlord, Baneling x2  
  99  6:56  Overlord  
  99  6:57  Overlord x2  
  99  6:59  Pneumatized Carapace  
  99  7:04  Zergling x12, Zerg Ground Armor Level 2  
  99  7:07  Drone x2  
  107  7:13  Zergling x12  
  112  7:15  Overseer  
  112  7:18  Zergling x6  
  112  7:20  Zergling x4  
  112  7:21  Zergling x2  
  118  7:30  Zergling x16  
  118  7:32  Zerg Flyer Weapons Level 1  
  126  7:40  Mutalisk x3  
  132  7:45  Mutalisk x2  
  132  7:47  Drone x3  
  132  7:48  Drone  
  140  7:53  Drone x2  
  140  7:54  Drone x3  
  140  7:56  Mutalisk  
  147  7:59  Mutalisk  
  147  8:01  Extractor  
  147  8:03  Extractor  
  147  8:06  Mutalisk x2  
  151  8:13  Baneling x3  
  151  8:14  Drone x8  
  158  8:36  Drone x3, Infestation Pit  
  158  8:37  Drone x3  
  158  8:38  Drone  
  158  8:40  Zergling x20  
  174  8:43  Mutalisk x4  
  174  8:45  Overseer  
  182  8:49  Overlord  
  182  8:51  Zerg Melee Weapons Level 2  
  182  8:59  Overlord x3  
  181  9:22  Hatchery, Zergling x18  
  181  9:23  Hive  
  189  9:24  Pathogen Glands  
  189  9:30  Zergling x8  
  189  9:31  Zergling x2  
  194  9:32  Baneling x6  
  194  9:33  Baneling x14  
  194  9:34  Zergling x8  
  198  9:51  Burrow  
  197  10:16  Zerg Flyer Armor Level 1  
  173  10:31  Zergling x22  
  173  10:35  Zergling x22  
  152  10:40  Zergling x36  
  162  10:44  Zergling x20  
  162  10:45  Ultralisk Cavern  
  162  10:48  Zergling x8  
  162  10:49  Baneling  
  175  10:50  Baneling x6  
  175  10:52  Zergling x4  
  175  10:56  Baneling x11  
  175  10:57  Baneling x3  
  177  11:01  Corruptor x6  
  181  11:07  Zergling x4  
  181  11:08  Zergling x12  
  188  11:11  Zergling x6  
  188  11:16  Corruptor x2  
  168  11:20  Zergling x6  
  166  11:32  Zergling x16  
  168  11:36  Corruptor x2  
  172  11:42  Overseer  
  172  11:43  Zerg Melee Weapons Level 3  
  172  11:44  Zerg Ground Armor Level 3  
  172  11:56  Corruptor x2  
  172  12:04  Corruptor x4  
  180  12:17  Chitinous Plating  
  180  12:21  Extractor  
  179  12:25  Extractor  
  179  12:27  Zergling x12  
  179  12:28  Zergling x6  
  187  12:33  Greater Spire  
  187  12:39  Zergling x14  
  187  12:40  Zergling x6  
  197  12:46  Baneling x11  
  197  12:49  Zergling x6  
  181  13:11  Hatchery  
  162  13:16  Ultralisk x2  
  162  13:17  Ultralisk x3  
  188  13:20  Overseer  
  188  13:21  Overseer  
  184  13:36  Ultralisk x2  
  184  13:38  Zergling x10  
  193  13:53  Ultralisk x2  
  191  13:55  Zergling x6  
  191  13:57  Baneling  
  191  13:58  Baneling x8  
  192  14:02  Baneling  
  192  14:03  Baneling x6  
  190  14:26  Zergling x20  
  195  14:33  Zergling x12  
Tags
 
Add a new tag
Caveats
  • Supply blocks, unpowered buildings, or Contaminate may cause inaccurate times.
  • Supply counts are checked every 10 seconds.